 Dungeon Crawl Stone Soup version 0.23.2-1-ga50397a6bc (webtiles) character file.

Game seed: 15129509839690276386

168 Kobolds4U the Covert (level 5, -3/25 HPs)
             Began as a Spriggan Assassin on May 30, 2019.
             Was an Initiate of Okawaru.
             Killed from afar by an orc wizard (6 damage)
             ... with a magic dart
             ... on level 3 of the Dungeon.
             The game lasted 00:07:12 (3457 turns).

Kobolds4U the Covert (Spriggan Assassin)            Turns: 3457, Time: 00:07:12

Health: -3/25      AC:  3    Str:  7    XL:     5   Next: 23%
Magic:  6/6        EV: 17    Int: 13    God:    Okawaru [......]
Gold:   110        SH:  0    Dex: 18    Spells: 4/4 levels left

rFire    . . .     SeeInvis +   b - +0 blowgun
rCold    . . .     Gourm    .   (shield restricted)
rNeg     . . .     Faith    .   c - +0 robe
rPois    .         Spirit   .   (helmet restricted)
rElec    .         Reflect  .   d - +0 cloak
rCorr    .         Harm     .   (gloves unavailable)
MR       +....                  (boots unavailable)
Stlth    ++++......             (no amulet)
HPRegen  0.08/turn              k - ring of protection from magic
MPRegen  0.10/turn              (no ring)

@: very quick
A: very small, unfitting armour, see invisible, herbivore, speed 3, slow
metabolism 2
a: Renounce Religion


You were on level 3 of the Dungeon.
You worshipped Okawaru.
Okawaru was noncommittal.
You were hungry.

You visited 1 branch of the dungeon, and saw 3 of its levels.

You collected 110 gold pieces.

Inventory:

Hand Weapons
 a - a +3 dagger
 b - a +0 blowgun (weapon)
Missiles
 e - 24 poisoned needles (quivered)
 f - 2 curare-tipped needles
Armour
 c - a +0 robe (worn)
 d - a +0 cloak (worn)
Jewellery
 k - a ring of protection from magic (left hand)
Scrolls
 j - 3 scrolls of identify {unknown}
 m - a scroll of enchant weapon {unknown}
 n - 3 scrolls of enchant armour {unknown}
 o - a scroll of fear {unknown}
 q - a scroll of amnesia {unknown}
 s - a scroll of teleportation {unknown}
Potions
 h - a potion of lignification {unknown}
 i - 3 potions of haste {unknown}
 l - a potion of might {unknown}
 p - a potion of magic {unknown}
 r - 2 potions of curing {unknown}
Comestibles
 g - 2 rations


   Skills:
 - Level 1.5 Fighting
 * Level 3.2 Short Blades
 - Level 2.0 Throwing
 - Level 1.5 Dodging
 + Level 9.4 Stealth


You had 4 spell levels left.
You didn't know any spells.
Your spell library was empty.

Dungeon Overview and Level Annotations

Branches:
Dungeon (3/15)

Altars:
Okawaru


Innate Abilities, Weirdness & Mutations

You are very small and have problems with some larger weapons.
You are too small for most types of armour.
You have supernaturally acute eyesight. (SInv)
You are a herbivore.
You cover ground extremely quickly.
You need to consume almost no food.


Message History

You hit the orc wizard.
The orc wizard is heavily wounded.
The orc wizard hits you with a +0 dagger.
You hit the orc wizard.
The orc wizard is severely wounded.
You closely miss the orc wizard.
The orc wizard is severely wounded.
The orc wizard hits you with a +0 dagger.
* * * LOW HITPOINT WARNING * * *
You barely miss the orc wizard.
The orc wizard is severely wounded.
The orc wizard mumbles some strange words.
The orc wizard seems to speed up.
The orc wizard hits you with a +0 dagger.
* * * LOW HITPOINT WARNING * * *
Okay, then.
b - a +0 blowgun (weapon)
The orc wizard points at you and mumbles some strange words.
The magic dart hits you.
You die...

##### #......
..... .##
#########.#####
.# >.
#..............
## .#
#.#######.#####
#### #. #.# #.#
...# #.###.#
#.# ...#
..####...#.#
#.# ...####
#..........#
#.# ......#
.###.@...#
#.##### .......
##.#..# #......
......#
#o#.....
#######
...####.
#o#.....#
..).....
#.#.#.....
...####
..#.#..####
...# ..#.#..#
.#.# ##.#.#..#
...# #.# #


You could see 2 orc wizards.

Vanquished Creatures
  An orc wizard (D:3)
  Terence (D:2)
  Robin (D:2)
  2 adders
  A worm (D:2)
  2 dart slugs
  2 leopard geckos
  7 orcs (D:3)
  A ball python (D:1)
  7 bats
  2 giant cockroaches (D:1)
  6 hobgoblins
  5 quokkas
  5 frilled lizards
  15 goblins
  6 kobolds
  5 rats
69 creatures vanquished.

Notes
Turn   | Place    | Note
-------+----------+-------------------------------------------
     0 | D:1      | Kobolds4U the Spriggan Assassin began the quest for the
                  | Orb.
     0 | D:1      | Reached XP level 1. HP: 10/10 MP: 2/2
    13 | D:1      | Reached skill level 6 in Stealth
   200 | D:1      | Reached XP level 2. HP: 3/14 MP: 3/3
   745 | D:1      | Reached skill level 7 in Stealth
  1229 | D:2      | Noticed Robin
  1339 | D:2      | Noticed Terence
  1342 | D:2      | Reached XP level 3. HP: 8/18 MP: 4/4
  1360 | D:2      | Killed Terence
  1360 | D:2      | Reached skill level 8 in Stealth
  1707 | D:2      | Reached XP level 4. HP: 12/22 MP: 5/5
  2132 | D:2      | Killed Robin
  2516 | D:2      | Reached skill level 9 in Stealth
  2845 | D:3      | Found an iron altar of Okawaru.
  2863 | D:3      | Became a worshipper of Warmaster Okawaru
  3355 | D:3      | Reached XP level 5. HP: 21/25 MP: 6/6
  3457 | D:3      | Killed from afar by an orc wizard

Skill      XL: |  1  2  3  4  5 |
---------------+----------------+-----
Stealth        | 6 7 8 9 |  9.4
Short Blades   | 3 |  3.2
Fighting       | |  1.5
Throwing       | |  2.0
Dodging        | |  1.5

Action                   |  1- 3 |  4- 6 || total
-------------------------+-------+-------++-------
Melee: Dagger            |    98 |   116 ||   214
 Fire: Blowgun           |    12 |    28 ||    40
 Stab: Sleeping          |     9 |     4 ||    13
       Distracted        |       |     2 ||     2
Armor: Robe              |     7 |    11 ||    18
Dodge: Dodged            |    52 |    74 ||   126
